 Dungeon Crawl Stone Soup version 0.20.1-1-g8b1a95d (webtiles) character file.

136 Nidhoragg the Skirmisher (level 5, -2/47 HPs)
             Began as a Hill Orc Monk on Oct 25, 2017.
             Slain by Sigmund
             ... wielding a +0 scythe
              (7 damage)
             ... on level 3 of the Dungeon.
             The game lasted 00:07:44 (2666 turns).

Nidhoragg the Skirmisher (Hill Orc Monk)            Turns: 2666, Time: 00:07:45

Health: -2/47      AC:  2    Str: 19    XL:     5   Next: 19%
Magic:  5/5        EV: 10    Int: 15    God:
Gold:   77         SH:  0    Dex: 14    Spells: 4/4 levels left

rFire    . . .     SeeInvis .   a - +1 mace
rCold    . . .     Gourm    .   e - +0 shield
rNeg     . . .     Faith    .   b - +0 robe
rPois    .         Spirit   .   (no helmet)
rElec    .         Reflect  .   (no cloak)
rCorr    .         Harm     .   (no gloves)
MR       .....                  (no boots)
Stlth    +.........             (no amulet)
Regen    0.2/turn               (no ring)
MPRegen  0.1/turn               (no ring)

@: confused, mighty, brilliant, lethally poisoned (-2 -> -3), flying
A: no striking features
a: no special abilities


You were on level 3 of the Dungeon.
You were near starving.

You visited 1 branch of the dungeon, and saw 3 of its levels.

You collected 77 gold pieces.

Inventory:

Hand Weapons
 a - a +1 mace (weapon)
Armour
 b - a +0 robe (worn)
 e - a +0 shield (worn)
Scrolls
 g - 5 scrolls of remove curse
 i - 2 scrolls of fog
 m - 3 scrolls of recharging
 n - 3 scrolls of teleportation
 p - 2 scrolls of identify
Potions
 h - a potion of cancellation
 r - a potion of mutation {unknown}
Comestibles
 c - 4 bread rations
 f - a meat ration
 s - 4 fruits


   Skills:
 * Level 4.6 Fighting
 + Level 4.4 Maces & Flails
 * Level 1.9 Armour
 + Level 2.9 Dodging
 - Level 1.5 Stealth
 + Level 0.9 Shields


You had 4 spell levels left.
You didn't know any spells.

Dungeon Overview and Level Annotations

Branches:
Dungeon (3/15)

Altars:

Annotations:
D:3 Sigmund


Message History

Sigmund hits you but does no damage.
You see here an adder corpse.
Your shield prevents you from hitting Sigmund.
You feel sick.
You closely miss Sigmund. Sigmund hits you with a scythe.
* * * LOW HITPOINT WARNING * * *
You completely miss Sigmund.
Sigmund points at you and mumbles some strange words.
You are confused.
Sigmund closely misses you.
You bump into the rock wall.
You feel sick.
You're too confused to move!
Sigmund barely misses you.
You bump into the rock wall.
Sigmund misses you.
You bump into the rock wall.
You feel sick.
Sigmund points at you and mumbles some strange words.
You are more confused.
You bump into the rock wall.
Sigmund hits you from afar with a scythe!
You die...

#.##...........)......#.#
#.##..........####...##.#
#.##................##..#
#.##...........##....#.##
#.##...................####
#..........(..####.........
.#..##.................####
....##.......######...##
....##........@†@.....#
.#...#......########..#
.##................ ..#
#.........##.###. ...
#.#.......##.# #.##
#....<.......# .#
#.........##.# #)..#.....#
.. #..###.....# ##


You could see Sigmund.

Vanquished Creatures
  Terence (D:3)
  6 adders
  3 worms
  A dart slug (D:1)
  A leopard gecko (D:1)
  2 ball pythons
  5 bats
  4 giant cockroaches
  6 goblins
  3 hobgoblins
  7 jackals (D:1)
  3 kobolds
  A quokka (D:2)
  A frilled lizard (D:1)
  3 rats
47 creatures vanquished.

Notes
Turn   | Place    | Note
-------+----------+-------------------------------------------
     0 | D:1      | Nidhoragg the Hill Orc Monk began the quest for the Orb.
     0 | D:1      | Reached XP level 1. HP: 19/19 MP: 1/1
    86 | D:1      | Reached XP level 2. HP: 18/27 MP: 2/2
   570 | D:1      | Reached XP level 3. HP: 16/33 MP: 3/3
  1011 | D:1      | Reached skill level 1 in Armour
  1476 | D:2      | Reached XP level 4. HP: 39/40 MP: 4/4
  1653 | D:3      | Noticed Terence
  2018 | D:3      | Killed Terence
  2278 | D:3      | Reached XP level 5. HP: 20/47 MP: 5/5
  2378 | D:3      | HP: 2/47 [poisoned by an adder]
  2619 | D:3      | Noticed Sigmund
  2666 | D:3      | Slain by Sigmund

Skill      XL: |  1  2  3 |
---------------+----------+-----
Fighting       | 4 |  4.6
Armour         | 1 |  1.9
Maces & Flails | 4 |  4.4
Dodging        | |  2.9
Stealth        | |  1.5
Shields        | |  0.9

Action                   |  1- 3 |  4- 6 || total
-------------------------+-------+-------++-------
Melee: Mace              |   113 |    84 ||   197
  Use: Scroll            |     4 |     3 ||     7
       Potion            |       |     4 ||     4
 Stab: Sleeping          |     1 |     1 ||     2
  Eat: Chunk             |     2 |     2 ||     4
Armor: Robe              |    31 |     3 ||    34
Dodge: Dodged            |    80 |    40 ||   120
Block: Shield            |    34 |    36 ||    70
